 Dungeon Crawl Stone Soup version 0.30-a0-373-gd37427bb62 (webtiles) character file.

Game seed: 18325850899162766887

772660 Ijustatesigmund the Demonic Aeon (level 27, 0/284 HPs)
             Began as a Demonspawn Fire Elementalist on Nov 17, 2022.
             Was the Champion of Cheibriados.
             Killed by divine providence
             ... invoked by a smoke demon
              (12 damage)
             ... in Pandemonium on Nov 24, 2022.
             The game lasted 07:33:55 (92250 turns).

Ijustatesigmund the Demonic Aeon (DsFE)            Turns: 92250, Time: 07:33:56

Health: 0/284      AC: 33    Str: 27    XL:     27
Magic:  39/42      EV: 30    Int: 45    God:    Cheibriados [******]
Gold:   5589       SH: 23    Dex: 41    Spells: 1/57 levels left

rFire   + + +      SeeInvis +    O - +9 broad axe (protect)
rCold   + . .      Faith    .    B - +5 kite shield {reflect}
rNeg    + + +      Spirit   .    (body armour currently unavailable)
rPois   ∞          Reflect  +    u - -2 hat of the Alchemist {rElec rPois rF+ rC+ rN+ Will+ rMut rCorr}
rElec   +          Harm     .    G - +2 cloak "Kuhodeg" {Drain Int+4 Dex+7 SInv}
rCorr   +          Rampage  .    (gloves unavailable)
rMut    +          Clarity  +    (boots currently unavailable)
Will    +++++                    c - amulet of the Four Winds {rN+ Will+++ Clar}
Stlth   ++++......               P - ring "Lac Qonama" {Wiz rF++ rCorr}
HPRegen 0.67/turn                U - ring "Ussapusch" {rElec EV+4 Str+2}
MPRegen 0.28/turn

@: statue-form, studying Staves, very slow
A: slow and powerful, torment resistance 1, boosted hp, demonic guardian 3,
spiny 3, augmentation 3, (sanguine armour 3), demonic touch 3, thin skeletal
structure 1, poison resistance
}: 6/15 runes: decaying, slimy, silver, obsidian, bone, gossamer
a: End Transformation, Renounce Religion, Bend Time, Temporal Distortion,
Slouch, Step From Time


You were in Pandemonium.
You worshipped Cheibriados.
Cheibriados was exalted by your worship.
You were a living statue of rough stone.
You visited 15 branches of the dungeon, and saw 66 of its levels.
You visited Pandemonium 1 time, and saw 3 of its levels.
You visited the Abyss 3 times.
You also visited: Sewer, Ossuary, Bailey, Ice Cave and Wizlab.

You collected 12210 gold pieces.
You spent 6621 gold pieces at shops.

Inventory:

Hand Weapons
 O - a +9 broad axe of protection (weapon)
 Y - a +9 demon whip of flaming
Armour
 a - a +4 troll leather armour {Snorg}
 d - the +1 pair of boots "Waest" (melded) {*Slow Will++ Regen+ rCorr}
   (You found it on level 4 of the Spider Nest)

   Regen:     It increases your rate of health regeneration.
   rCorr:     It protects you from acid and corrosion.
   *Slow:     It may slow you when you take damage.
   Will:      It greatly increases your willpower.
 m - the +0 hat "Wupuc" {rC+ rCorr}
   (You acquired it on level 15 of the Dungeon)

   rC:        It protects you from cold.
   rCorr:     It protects you from acid and corrosion.
 q - a +2 pair of boots of flying
 u - the -2 hat of the Alchemist (worn) {rElec rPois rF+ rC+ rN+ Will+ rMut rCorr}
   (You found it on level 2 of the Depths)

   rF:        It protects you from fire.
   rC:        It protects you from cold.
   rElec:     It insulates you from electricity.
   rPois:     It protects you from poison.
   rN:        It protects you from negative energy.
   rCorr:     It protects you from acid and corrosion.
   rMut:      It protects you from mutation.
   Will:      It increases your willpower.
 B - a +5 kite shield of reflection (worn)
 F - +2 fire dragon scales
 G - the +2 cloak "Kuhodeg" (worn) {Drain Int+4 Dex+7 SInv}
   (You found it on level 3 of the Swamp)

   Int:       It affects your intelligence (+4).
   Dex:       It affects your dexterity (+7).
   SInv:      It lets you see invisible.
   Drain:     It drains your maximum health when unequipped.
 M - quicksilver dragon scales (melded)
Jewellery
 c - the amulet of the Four Winds (around neck) {rN+ Will+++ Clar}
   (You found it on level 5 of the Pits of Slime)

   [amulet of nothing]

   rN:        It protects you from negative energy.
   Clar:      It protects you against confusion.
   Will:      It greatly increases your willpower.
 i - the ring "Ovej" {Drain rElec rC+ EV+4}
   (You took it off a tengu reaver on level 2 of the Depths)

   [ring of evasion]

   EV:        It affects your evasion (+4).
   rC:        It protects you from cold.
   rElec:     It insulates you from electricity.
   Drain:     It drains your maximum health when unequipped.
 A - the ring of Ypyirodoa {*Corrode +Blink Will+ Str+8 Slay+3}
   (You found it on level 4 of the Dungeon)

   [ring of willpower]

   Str:       It affects your strength (+8).
   Slay:      It affects your accuracy & damage with ranged weapons and melee
   (+3).
   +Blink:    It lets you blink.
   *Corrode:  It may corrode you when you take damage.
   Will:      It increases your willpower.
 H - the dreamshard necklace {*Dream Drain}
   (You took it off a deep elf annihilator on level 3 of the Elven Halls)

   [amulet of nothing]

   It shatters if its wearer takes lethal or near-lethal damage, preventing the
   blow and releasing protective dreams that heal and fight for the wearer.
   Drain:     It drains your maximum health when unequipped.
 I - an amulet of magic regeneration
 P - the ring "Lac Qonama" (left fist) {Wiz rF++ rCorr}
   (You found it on level 1 of the Crypt)

   [ring of wizardry]

   It improves your spell success rate.
   rF:        It greatly protects you from fire.
   rCorr:     It protects you from acid and corrosion.
 T - the ring "Buthroni" {Ice Drain rN+ Will+}
   (You found it in a wizard's laboratory)

   [ring of ice]

   It enhances your ice magic.
   rF:        It makes you vulnerable to fire.
   rC:        It protects you from cold.
   rN:        It protects you from negative energy.
   Drain:     It drains your maximum health when unequipped.
   Will:      It increases your willpower.
 U - the ring "Ussapusch" (right fist) {rElec EV+4 Str+2}
   (You found it on level 3 of the Elven Halls)

   [ring of evasion]

   EV:        It affects your evasion (+4).
   Str:       It affects your strength (+2).
   rElec:     It insulates you from electricity.
 W - a ring of protection from cold
Wands
 b - a wand of digging (10)
 s - a wand of paralysis (56)
 t - a wand of mindburst (18)
 C - a wand of flame (40)
 D - a wand of polymorph (29)
 E - a wand of iceblast (8)
 V - a wand of acid (7)
Scrolls
 f - 3 scrolls of summoning
 g - a scroll of magic mapping
 w - 4 scrolls of poison
 y - 16 scrolls of teleportation
 z - 2 scrolls of amnesia
 L - 10 scrolls of immolation
 N - 5 scrolls of blinking
 R - 4 scrolls of silence
 X - 11 scrolls of butterflies
 Z - 11 scrolls of fear
Potions
 e - 8 potions of curing
 h - 9 potions of lignification
 j - 11 potions of resistance
 k - 4 potions of magic
 l - 14 potions of brilliance
 n - 16 potions of attraction
 o - 8 potions of ambrosia
 r - 11 potions of mutation
 v - 7 potions of might
 x - 2 potions of berserk rage
 K - 10 potions of cancellation
 Q - 6 potions of heal wounds
 S - 7 potions of invisibility
Miscellaneous
 p - a phantom mirror
 J - a condenser vane


   Skills:
 - Level 18.6 Fighting
 + Level 16.2 Axes
 - Level 1.0(10.6) Maces & Flails
 - Level 11.5 Armour
 - Level 10.0 Dodging
 - Level 1.7 Stealth
 - Level 12.6 Shields
 - Level 15.7 Spellcasting
 - Level 13.6 Conjurations
 - Level 13.2 Summonings
 - Level 20.3 Necromancy
 - Level 3.7 Translocations
 - Level 13.7 Transmutations
 - Level 10.0 Fire Magic
 - Level 8.2 Ice Magic
 - Level 6.0 Air Magic
 + Level 13.6 Earth Magic
 O Level 27 Invocations
 - Level 16.0 Evocations


You had one spell level left.
You knew the following spells:

 Your Spells              Type           Power      Damage    Failure   Level
a - Necromutation         Tmut/Necr      56%        N/A       3%          8
b - Lehudib's Crystal Sp  Conj/Erth      51%        10d12     13%         8
d - Apportation           Tloc           100%       N/A       1%          1
e - Freezing Cloud        Conj/Ice/Air   43%        6-21      1%          5
f - Fireball              Conj/Fire      48%        3d19      1%          5
g - Borgnjor's Vile Clut  Necr/Erth      56%        N/A       1%          5
h - Iron Shot             Conj/Erth      51%        9d10      1%          6
i - Statue Form           Tmut/Erth      68%        N/A       1%          6
j - Irradiate             Conj/Tmut      51%        3d28      1%          5
k - Spellforged Servitor  Conj/Summ      51%        N/A       1%          7

Your spell library contained the following spells:

 Spells                   Type           Power      Damage    Failure   Level
 Foxfire                  Conj/Fire      100%       2x1d9     0%          1
 Magic Dart               Conj           100%       1d8       0%          1
 Necrotise                Necr           100%       1d9       0%          1
 Sandblast                Erth           100%       2d20      0%          1
 Summon Small Mammal      Summ           100%       N/A       0%          1
 Freeze                   Ice            100%       1d10      1%          1
 Sting                    Tmut/Pois      100%       1d8       1%          1
 Call Imp                 Summ           100%       N/A       0%          2
 Sublimation of Blood     Necr           100%       N/A       0%          2
 Wereblood                Tmut           100%       N/A       0%          2
 Call Canine Familiar     Summ           100%       N/A       0%          3
 Stone Arrow              Conj/Erth      100%       3d13      0%          3
 Vampiric Draining        Necr           100%       2d13      0%          3
 Animate Dead             Necr           100%       N/A       0%          4
 Dispel Undead            Necr           100%       3d31      0%          4
 Agony                    Necr           100%       N/A       0%          5
 Cigotuvi's Dreadful Rot  Necr/Pois/Air  100%       N/A       1%          2
 Poisonous Vapours        Pois/Air       100%       N/A       1%          2
 Scorch                   Fire           100%       2d10      1%          2
 Static Discharge         Conj/Air       100%       2-7/arc   1%          2
 Dazzling Flash           Conj/Hex       100%       N/A       1%          3
 Frozen Ramparts          Ice            100%       1d16      1%          3
 Gell's Gravitas          Tloc           62%        N/A       1%          3
 Hailstorm                Conj/Ice       94%        3d19      1%          3
 Ignite Poison            Fire/Tmut/Pois 82%        N/A       1%          3
 Inner Flame              Hex/Fire       69%        N/A       1%          3
 Kindle Blastsparks       Fire/Tloc/Air  100%       2d18      1%          3
 Lesser Beckoning         Tloc           100%       N/A       1%          3
 Mephitic Cloud           Conj/Pois/Air  76%        N/A       1%          3
 Ozocubu's Armour         Ice            83%        N/A       1%          3
 Portal Projectile        Hex/Tloc       100%       N/A       1%          3
 Teleport Other           Tloc           62%        N/A       1%          3
 Tukima's Dance           Hex            35%        N/A       1%          3
 Vhi's Electric Charge    Tloc/Air       100%       N/A       1%          3
 Flame Wave               Conj/Fire      97%        2d20      1%          4
 Fulminant Prism          Conj/Hex       38%        3d17      1%          4
 Ice Form                 Ice/Tmut       94%        N/A       1%          4
 Iskenderun's Mystic Bla  Conj/Tloc      85%        2d17      1%          4
 Leda's Liquefaction      Hex/Erth       38%        N/A       1%          4
 Manifold Assault         Tloc           62%        N/A       1%          4
 Passage of Golubria      Tloc           62%        N/A       1%          4
 Petrify                  Tmut/Erth      100%       N/A       1%          4
 Sticky Flame             Conj/Fire      97%        2d11      1%          4
 Summon Ice Beast         Ice/Summ       93%        N/A       1%          4
 Arcjolt                  Conj/Air       44%        1d54      1%          5
 Iskenderun's Battlesphe  Conj           100%       2d15      1%          5
 Lee's Rapid Deconstruct  Erth           51%        3d24*     1%          5
 Lightning Bolt           Conj/Air       44%        1d64      1%          5
 Summon Forest            Summ/Tloc      42%        N/A       1%          5
 Yara's Violent Unravell  Hex/Tmut       39%        3d16      1%          5
 Conjure Ball Lightning   Conj/Air       44%        3x3d15    1%          6
 Death Channel            Necr           60%        N/A       1%          6
 Simulacrum               Ice/Necr       52%        N/A       1%          6
 Starburst                Conj/Fire      48%        6d13      1%          6
 Summon Cactus Giant      Summ           50%        N/A       1%          6
 Dragon Form              Tmut           51%        N/A       1%          7
 Orb of Destruction       Conj           51%        9d13      1%          7
 Summon Hydra             Summ           50%        N/A       1%          7
 Borgnjor's Revivificati  Necr           60%        N/A       1%          8
 Metabolic Englaciation   Hex/Ice        32%        N/A       2%          5
 Silence                  Hex/Air        29%        N/A       4%          5
 Eringya's Noxious Bog    Tmut/Pois      39%        N/A       4%          6
 Cause Fear               Hex            17%        N/A       6%          4
 Olgreb's Toxic Radiance  Pois           35%        N/A       6%          4
 Death's Door             Necr           60%        N/A       13%         9
 Malign Gateway           Summ/Tloc      42%        N/A       14%         7
 Ozocubu's Refrigeration  Ice            41%        4d16      16%         7
 Dispersal                Tloc           31%        N/A       19%         6
 Ignition                 Fire           45%        3d13      47%         8
 Dragon's Call            Summ           50%        N/A       91%         9
 Maxwell's Capacitive Co  Air            37%        ∞         95%         8
 Discord                  Hex            17%        N/A       100%        8
 Disjunction              Tloc           31%        N/A       100%        8
 Polar Vortex             Ice            41%        N/A       100%        9


Dungeon Overview and Level Annotations

Branches:
Dungeon (15/15)            Temple (0/1) D:6            Lair (5/5) D:9
  Swamp (4/4) Lair:3       Spider (4/4) Lair:3        Slime (5/5) Lair:5
    Orc (2/2) D:11            Elf (3/3) Orc:2        Vaults (5/5) D:13
  Crypt (3/3) Vaults:3       Tomb (1/3) Crypt:3      Depths (4/4) D:15
   Hell (visited)             Dis (0/7) Hell            Geh (7/7) Hell
    Coc (1/7) Hell            Tar (7/7) Hell            Zot (0/5) Depths:4
  Sewer (visited)         Ossuary (visited)          Bailey (visited)
  IceCv (visited)          WizLab (visited)

Altars:
Cheibriados
Dithmenos
Fedhas
Nemelex Xobeh
Okawaru
Qazlal
Sif Muna
Trog
Uskayaw
Vehumet
Wu Jian
Yredelemnul
Jiyva

Shops:
D:12 (   Orc:2 ([*=   Elf:1 :   Elf:2 !   Vaults:2 (   Vaults:4 *
Vaults:5 !!?(?[!:   Depths:4 [*(=

Portals:
Hell: Depths:1 Depths:2 Depths:3 Depths:4
Abyss: D:9 Depths:3
Pandemonium: Depths:1 Depths:2 Depths:3
Ziggurat: Depths:2

Annotations:
D:9 2 transporters, PlumEater's ghost, novice MiFi
Depths:3 2 transporters


Innate Abilities, Weirdness & Mutations

You are a living statue of rough stone.
Your actions are slow, but your melee attacks are powerful.
You are resistant to unholy torment.
Your maximum health is greatly increased.
Your equipment is partially melded.
A powerful demonic guardian rushes to your aid.
You are completely covered in sharp spines.
Your magical and physical power is greatly enhanced at high health.
((When seriously injured, your blood forms very thick armour. (AC +0)))
Your touch may irresistibly damage your foes and sap their willpower.
You have a somewhat thin skeletal structure. (Dex +2, Stealth+)
Your system is resistant to poisons. (rPois)


Message History

The smoke demon gestures at you. Something smites you!
* * * LOW HITPOINT WARNING * * *
Casting: Borgnjor's Vile Clutch (safe; 1% risk of failure)
Confirm with . or Enter, or press ? or * to list all spells.
You turn into a living statue of rough stone.
The +1 pair of boots "Waest" {*Slow Will++ Regen+ rCorr} melds into your body.
Your quicksilver dragon scales melds into your body.
Your blood armour dries and flakes away.
You hear a roar! x2
A smoke demon comes into view.
The smoke demon gestures at you. Something smites you!
* * * LOW HITPOINT WARNING * * *
The smoke demon gestures at you. Something smites you!
* * * LOW HITPOINT WARNING * * *
The smoke demon gestures at you. Something smites you!
* * * LOW HITPOINT WARNING * * *
Okay, then.
The tormentor screams, "You will die horribly!"
The smoke demon gestures at you. Something smites you!
* * * LOW HITPOINT WARNING * * *
The smoke demon gestures at you. Something smites you!
* * * LOW HITPOINT WARNING * * *
The smoke demon gestures at you. Something smites you!
* * * LOW HITPOINT WARNING * * *
The tormentor calls on the powers of darkness!
Your body is wracked with pain!
* * * LOW HITPOINT WARNING * * *
The smoke demon gestures at you. Something smites you!
* * * LOW HITPOINT WARNING * * *
The smoke demon gestures at you. Something smites you!
You die...

#.#≈...≈# # #.# #3#§...≈#2#
#.# #3#§[..1#3# #.#
#3#≈...≈#3# #.# # #≈...≈# #.#
### #≈...≈# #.# ..### #≈..§≈#
#.# #...## #≈).§§# #.# ###..#
#≈.8§§# ###.# #
##.##########'''######...# #
#...........).....).).### #
#####..)..............########
#
#.......####.#...............
#.......# #.#.##############
#.......# #.#.# # #.......#
#.#.# # #####.......# #.#.# #


You could see 3 smoke demons, a tormentor and a friendly Brimstone Fiend
(summoned).

Vanquished Creatures
  Asmodeus (Geh:7)
  the Royal Jelly (Slime:5)
  Dissolution (Slime:4)
  the Serpent of Hell (Tar:7)
  A dread lich (Crypt:1)
  6 ancient liches
  Mennas (Depths:3)
  Bai Suzhen (Depths:2)
  Saint Roka (D:15)
  5 golden dragons
  Geryon (Hell)
  5 profane servitors
  Arachne (Spider:2)
  Nikola (Spider:2)
  Jory (Crypt:2)
  The ghost of Majang the Crack Shot, a veteran TeHu of Hepliaklqana (Depths:2)
  3 pandemonium lords (Pan)
  7 bone dragons
  10 Tzitzimimeh
  An electric golem (WizLab)
  7 Brimstone Fiends
  11 hellephants
  6 doom hounds
  Jorgrun (Swamp:2)
  4 tainted leviathans (Tar:7)
  6 tentacled monstrosities
  Rupert (Lair:4)
  3 quicksilver dragons
  32 searing wretches
  A Hell Sentinel (Pan)
  A walking earthen tome (Depths:3)
  A shard shrike skeleton (Crypt:2)
  9 liches
  2 deep elf blademasters (Elf:2)
  Asterion (Depths:1)
  2 deep elf master archers
  19 acid blobs
  An Executioner (Pan)
  4 titans
  8 ancient champions
  Frances (Elf:1)
  9 sphinxes
  Agnes (D:15)
  5 tentacled starspawn (Abyss:3)
  4 shadow dragons
  11 tengu reavers
  Roxanne (D:14)
  Kirke (Lair:3)
  4 storm dragons
  A demonspawn warmonger (Pan)
  4 revenants
  2 draconian knights (Depths:4)
  Donald (Spider:1)
  12 rockslimes
  20 fire giants
  6 frost giants
  10 azure jellies
  A curse skull (Crypt:2)
  5 emperor scorpions
  9 deep elf sorcerers
  4 ghost moths (Spider:4)
  15 vault wardens
  2 deep elf elementalists
  A spectral caustic shrike (Tar:2)
  3 cacodemons (Crypt:1)
  Aizul (Swamp:2)
  19 balrugs
  A juggernaut zombie (Crypt:3)
  19 ironbound preservers
  12 reapers
  7 war gargoyles
  2 broodmothers (Spider:3)
  3 orc warlords
  8 ghouls
  21 stone giants
  3 demonspawn blood saints (Pan)
  3 spriggan defenders
  12 quicksilver oozes
  11 ironbound thunderhulks
  2 caustic shrike skeletons (Crypt:2)
  34 very ugly things
  3 green draconians
  3 deep elf demonologists
  8 vampire knights
  An eleionoma (Swamp:4)
  8 deep elf annihilators
  2 pale draconians (Depths:4)
  7 putrid mouths
  2 lorocyprocas
  2 purple draconians (Depths:4)
  2 red draconians (Depths:4)
  11 dire elephants
  4 bunyips
  13 spark wasps
  Snorg (D:12)
  The ghost of borntocrawl the Summoner, a journeyman DgSu (Lair:2)
  3 green deaths
  2 spectral golden dragons (Depths:2)
  Josephine (Lair:5)
  6 eidola
  7 fire dragons
  12 ettins
  4 blizzard demons
  5 crystal guardians
  A quicksilver dragon zombie (Crypt:2)
  A shambling mangrove (Swamp:4)
  15 yaktaur captains
  12 jiangshi
  A spectral quicksilver dragon (Tar:2)
  7 deep elf death magi
  2 spectral spriggans
  Fannar (D:12)
  6 deep elf high priests
  7 entropy weavers
  11 great orbs of eyes
  3 ice dragons
  A spriggan zombie (Crypt:3)
  35 vault guards
  24 hydras
  2 caustic shrike simulacra (Depths:2)
  2 salamander tyrants
  6 rakshasas
  2 ghost crabs
  A hell beast (Pan)
  2 jorogumos (Spider:4)
  Erolcha (D:12)
  6 ogre magi
  8 peacekeepers
  An Orb Guardian zombie (Crypt:1)
  2 radroaches
  7 boulder beetles
  2 catoblepae
  9 ironbound frosthearts
  5 spriggan air magi
  A spriggan skeleton (Tomb:1)
  13 centaur warriors
  A fenstrider witch skeleton (Hell)
  12 alligators
  41 dancing weapons
  17 stokers
  A death knight (Crypt:2)
  7 two-headed ogres
  7 tengu warriors
  10 deep troll shamans
  7 vampire magi
  A spectral orc (Tar:1)
  11 death yaks
  7 deep troll earth magi
  47 hell hogs
  A spectral storm dragon (Tar:1)
  A naga sharpshooter (Depths:3)
  4 orc high priests (Orc:2)
  2 spriggan berserkers
  3 spectral nagas
  A titan zombie (Crypt:3)
  12 soul eaters
  20 hell knights
  43 sun demons (Pan)
  14 shadow wraiths
  Amaemon (Lair:3)
  21 deep elf knights
  9 iron trolls
  A spectral bunyip (Tar:2)
  A titan skeleton (Tomb:1)
  A wretched star (Abyss:3)
  21 skeletal warriors
  A quicksilver dragon simulacrum (Depths:2)
  An anaconda zombie (Hell)
  A sixfirhy (Pan)
  3 sun moths
  7 pharaoh ants
  59 deep trolls
  5 goliath frogs
  A shadow demon (Pan)
  7 steelbarb worms
  17 swamp dragons
  A glowing orange brain (Depths:1)
  A flayed ghost (Vaults:3)
  5 bog bodies
  16 ironbound convokers
  13 orb spiders
  7 starcursed masses (Abyss:3)
  8 orc knights
  5 spriggan druids
  2 bunyip zombies
  6 lindwurms
  23 deep elf zephyrmancers
  14 necromancers
  16 deep elf archers
  30 deep elf pyromancers
  5 wizards
  7 harpies
  8 phantasmal warriors
  34 ugly things
  A salamander (WizLab)
  An oklob plant (Lair:1)
  16 wolf spiders
  4 orc sorcerers
  3 will-o-the-wisps
  2 shining eyes
  A stone giant zombie (Vaults:1)
  5 manticores
  2 worldbinders
  A manticore (shapeshifter) (Depths:3)
  2 spectral centaurs
  A tengu skeleton (Vaults:5)
  21 elephants
  5 cyclopes
  3 dire elephant zombies
  8 black mambas
  4 moths of wrath
  An apocalypse crab (Abyss:3)
  14 smoke demons
  3 orange demons
  An ice statue (IceCv)
  5 molten gargoyles (WizLab)
  4 rust devils
  12 cane toads
  17 large abominations
  15 vault sentinels
  6 torpor snails
  2 eyes of devastation (Slime:4)
  Maggie (D:8)
  3 gargoyles
  A sea snake zombie (Hell)
  An emperor scorpion simulacrum (Hell)
  26 yaktaurs
  An eye of devastation (shapeshifter) (Vaults:5)
  9 demonic crawlers
  10 hellions
  4 rime drakes
  5 centaur skeletons
  6 hellwings
  A kobold demonologist (D:13)
  2 efreet
  23 tormentors
  3 ancient zymes (Abyss:3)
  5 freezing wraiths
  4 guardian mummies (Tomb:1)
  A spectral glowing shapeshifter (Depths:2)
  10 komodo dragons
  2 anaconda simulacra (IceCv)
  6 tengu conjurers
  4 hydra zombies (Hell)
  2 spectral harpies
  A sea snake skeleton (Hell)
  3 red devils
  10 trolls
  6 meliai
  A silent spectre (Tar:3)
  Grinder (Sewer)
  6 polar bears
  13 hornets
  10 tyrant leeches
  123 slime creatures
  A dream sheep (shapeshifter) (Vaults:5)
  18 tarantellas
  Prince Ribbit (D:9)
  A hydra skeleton (Hell)
  An ettin zombie (Crypt:3)
  A dream sheep (Lair:5)
  15 raiju
  2 harpy skeletons
  3 sphinx simulacra (Depths:2)
  9 blink frogs
  37 flying skulls
  41 jumping spiders
  28 culicivoras
  A black mamba zombie (Crypt:1)
  8 spriggans
  9 ynoxinuls
  An alligator skeleton (Hell)
  2 shadows
  4 water elementals
  5 air elementals
  A yak (shapeshifter) (D:15)
  2 ushabtiu (Tomb:1)
  A vampire (D:9)
  11 wraiths
  4 wyverns
  A fire bat (Abyss:3)
  2 ettin skeletons
  3 hogs (Lair:3)
  16 golden eyes
  60 yaks
  A human (Lair:3)
  6 fire elementals
  76 redbacks
  5 steam dragons
  2 basilisks
  5 neqoxecs
  12 chaos spawn
  15 vampire mosquitoes
  A glowing shapeshifter zombie (Vaults:5)
  8 swamp worms
  A death yak simulacrum (IceCv)
  3 wargs
  A demonspawn zombie (Crypt:2)
  5 harpy simulacra
  An entropy weaver zombie (Crypt:2)
  11 water moccasins
  A hydra simulacrum (IceCv)
  4 floating eyes
  7 swamp drakes
  39 orc warriors
  2 black bears
  An ice beast (D:7)
  An ettin simulacrum (Vaults:5)
  12 centaurs
  A boggart (Vaults:4)
  7 small abominations
  16 wolves
  12 ogres
  2 phantoms (D:5)
  2 elf zombies (Ossuary)
  8 kobold brigands
  16 bullfrogs
  3 scorpions
  4 earth elementals
  A gnoll sergeant (D:8)
  2 glowing shapeshifter simulacra (Depths:2)
  3 cane toad simulacra (IceCv)
  9 necrophages
  11 wights (D:8)
  6 two-headed ogre simulacra (IceCv)
  A troll zombie (Crypt:1)
  4 killer bees (D:9)
  An elephant simulacrum (IceCv)
  A shapeshifter zombie (Crypt:1)
  2 howler monkeys
  8 electric eels
  5 centaur zombies
  A quasit (Sewer)
  4 human zombies
  A human simulacrum (Vaults:5)
  An iron imp (Abyss:3)
  19 orc priests
  A hound (D:6)
  7 jellies
  7 iguanas
  Ijyb (D:4)
  2 lightning spires (WizLab)
  23 orc wizards
  16 hell rats
  2 polar bear simulacra (IceCv)
  2 spriggan simulacra (IceCv)
  7 troll simulacra (IceCv)
  A wolf simulacrum (IceCv)
  A deep dwarf skeleton (Crypt:2)
  A howler monkey zombie (Crypt:1)
  10 mummies
  6 adders
  18 gnolls
  2 river rats (D:6)
  4 naga simulacra
  4 shadow imps
  24 white imps
  13 ufetubi
  An adder zombie (Ossuary)
  An iguana skeleton (Crypt:1)
  2 worms
  A dart slug (D:1)
  67 orcs
  22 endoplasms
  3 giant cockroaches
  19 hobgoblins
  A jackal (D:3)
  4 quokkas
  9 ball pythons
  6 bats
  6 frilled lizards
  13 goblins
  A goblin skeleton (Crypt:2)
  2 goblin zombies
  2 hobgoblin zombies (Ossuary)
  2 jackal zombies (Ossuary)
  37 kobolds
  15 kobold zombies
  12 orc zombies (Ossuary)
  7 rats
  3 creeping infernos
  29 fire vortices
  9 starspawn tentacles (Abyss:3)
2944 creatures vanquished.

Vanquished Creatures (collateral kills)
  Ereshkigal (Tar:7)
  2 dread liches (Tar:7)
  Parghit (Depths:4)
  4 bone dragons
  A profane servitor (Tar:7)
  2 Brimstone Fiends
  8 Tzitzimimeh
  4 hellephants
  A doom hound (Tar:6)
  A tentacled monstrosity (Depths:3)
  3 searing wretches
  2 tainted leviathans (Tar:7)
  2 Executioners (Pan)
  A titan (Vaults:4)
  5 sphinxes
  An ancient champion (Hell)
  A revenant (Crypt:1)
  A shadow dragon (Hell)
  2 vault wardens
  A demonspawn warmonger (Pan)
  An azure jelly (Slime:5)
  3 fire giants
  2 deep elf sorcerers
  A cacodemon (Pan)
  7 balrugs
  3 reapers
  A ghoul (Crypt:1)
  An ironbound preserver (Vaults:4)
  A demonspawn corrupter (Pan)
  A demonspawn black sun (Pan)
  4 vampire knights
  A stone giant (Depths:3)
  2 ironbound thunderhulks
  3 dire elephants
  2 putrid mouths
  A bunyip (Swamp:1)
  A spark wasp (Depths:3)
  A deep elf annihilator (Elf:2)
  3 ettins
  A crystal guardian (WizLab)
  A green death (Pan)
  A shambling mangrove (Swamp:4)
  3 great orbs of eyes
  An ice dragon (Depths:2)
  A vault guard (Depths:3)
  2 peacekeepers (WizLab)
  A spriggan air mage (Depths:3)
  2 hydras
  A radroach (Spider:2)
  3 centaur warriors (Vaults:2)
  A death knight (Crypt:1)
  2 dancing weapons (Elf:2)
  16 hell hogs
  A vampire mage (Vaults:3)
  15 sun demons
  A soul eater (Pan)
  A wretched star (Abyss:4)
  2 deep elf knights (Elf:1)
  A shadow wraith (Tar:2)
  2 sixfirhies (Pan)
  2 fire crabs (Abyss:4)
  A skeletal warrior (Crypt:3)
  A pharaoh ant (Spider:2)
  A deep troll (Vaults:4)
  A steelbarb worm (Spider:2)
  A swamp dragon (Swamp:4)
  3 deep elf archers
  3 orb spiders
  2 lindwurms
  An ironbound convoker (Vaults:3)
  A wizard (Vaults:1)
  A necromancer (Crypt:3)
  A glowing orange brain (Vaults:4)
  A phantasmal warrior (Vaults:3)
  5 deep elf pyromancers
  5 deep elf zephyrmancers
  A harpy (Vaults:3)
  An orc sorcerer (Vaults:2)
  An elephant (Lair:4)
  A spectral alligator snapping turtle (Tar:2)
  Joseph (D:10)
  3 vault sentinels (Vaults:4)
  4 gargoyles
  An orange demon (Pan)
  9 smoke demons (Pan)
  4 hellions
  8 tormentors
  2 yaktaurs
  An ice devil (Hell)
  2 tyrant leeches (Swamp:3)
  2 slime creatures (D:13)
  3 jumping spiders
  A centaur simulacrum (D:10)
  A culicivora (Spider:2)
  2 ynoxinuls (Pan)
  2 yaks
  3 chaos spawn (Pan)
  4 large abominations
  A redback (Spider:1)
  3 swamp worms
  2 orc warriors
  An earth elemental (WizLab)
  A necrophage (D:4)
  A water moccasin zombie (Crypt:1)
  A wolf zombie (Crypt:1)
  A quasit (Sewer)
  An orc priest (D:7)
  An orc wizard (Orc:2)
  5 orcs
  An endoplasm (D:2)
  A creeping inferno (Geh:3)
  8 fire vortices
  2 foxfires
259 creatures vanquished.

Vanquished Creatures (others)
  2 fire giants
  A vampire knight (Depths:2)
  A rakshasa (Depths:3)
  An ogre mage (D:13)
  A deep elf knight (Elf:1)
  A deep elf pyromancer (Elf:1)
  A deep elf zephyrmancer (Elf:1)
  A hellwing (Pan)
  A bloated husk (Swamp:2)
  A jumping spider (Spider:4)
  A fire bat (Elf:3)
  3 humans (Lair:3)
  3 chaos spawn (Pan)
  A swamp worm (Swamp:1)
  An orc warrior (Depths:1)
  An orc wizard (Vaults:2)
  A bush (Lair:5)
  2 creeping infernos
  A fire vortex (Geh:5)
  825 foxfires
  41 fungi
  98 plants
  7 starspawn tentacles (Abyss:3)
996 creatures vanquished.

Grand Total: 4199 creatures vanquished

Notes
Turn   | Place    | Note
-------+----------+-------------------------------------------
     0 | D:1      | Ijustatesigmund the Demonspawn Fire Elementalist began the
                  | quest for the Orb.
     0 | D:1      | Reached XP level 1. HP: 13/13 MP: 3/3
   338 | D:1      | Gained mutation: You are partially covered in sharp spines.
                  | [demonic ancestry]
   338 | D:1      | Reached XP level 2. HP: 19/19 MP: 0/5
   352 | D:1      | Learned a level 2 spell: Scorch
   460 | D:1      | Found a faded altar of an unknown god.
   808 | D:1      | Gained mutation: Your touch may inflict minor irresistible
                  | damage on your foes. [demonic ancestry]
   808 | D:1      | Reached XP level 3. HP: 22/24 MP: 1/6
  1394 | D:2      | Gained mutation: When seriously injured, your blood forms
                  | armour. (AC +0) [demonic ancestry]
  1394 | D:2      | Reached XP level 4. HP: 30/30 MP: 0/8
  2546 | D:3      | You fall into a shaft and drop 3 floors!
  2568 | D:6      | Found a shadowy altar of Dithmenos.
  2635 | D:6      | Gained mutation: A weak demonic guardian rushes to your
                  | aid. [demonic ancestry]
  2635 | D:6      | Reached XP level 5. HP: 29/36 MP: 6/9
  2675 | D:6      | Reached skill level 1 in Fighting
  2977 | D:6      | Found a glowing drain.
  2991 | Sewer    | Entered a sewer
  3361 | Sewer    | Reached XP level 6. HP: 39/44 MP: 5/11
  3361 | Sewer    | Noticed Grinder
  3407 | Sewer    | Killed Grinder
  3428 | Sewer    | Gained mutation: Your touch may inflict irresistible damage
                  | on your foes. [demonic ancestry]
  3428 | Sewer    | Reached XP level 7. HP: 44/51 MP: 1/13
  3634 | Sewer    | Found a burning altar of Makhleb.
  3735 | D:5      | Entered Level 5 of the Dungeon
  3948 | D:5      | Identified a scroll of acquirement
  3948 | D:5      | Acquired a +1 pair of boots of flying
  3968 | D:5      | Found a sand-covered staircase.
  3973 | Ossuary  | Entered an ossuary
  3979 | Ossuary  | Learned a level 4 spell: Flame Wave
  4616 | Ossuary  | Reached skill level 5 in Fire Magic
  4789 | D:4      | Noticed Ijyb
  4794 | D:4      | Paralysed by Ijyb for 3 turns
  4804 | D:4      | Killed Ijyb
  5200 | D:4      | Reached XP level 8. HP: 60/60 MP: 11/15
  5297 | D:4      | Reached skill level 5 in Conjurations
  5934 | D:3      | Found a hide-covered altar of Uskayaw.
  5935 | D:3      | Found a shimmering blue altar of Sif Muna.
  5939 | D:3      | Found a snail-covered altar of Cheibriados.
  5940 | D:3      | Found an ornate altar of the Wu Jian Council.
  6058 | D:3      | Reached skill level 1 in Maces & Flails
  6416 | D:3      | Became a worshipper of Cheibriados the Contemplative
  6538 | D:4      | Upgraded the game from 0.30-a0-365-ge7f957f1db to
                  | 0.30-a0-367-g839099abd5
  6671 | D:4      | Identified the ring of Ypyirodoa {*Corrode +Blink Will+
                  | Str+8 Slay+3}
  6862 | D:5      | Reached skill level 1 in Invocations
  7026 | D:5      | Reached skill level 2 in Invocations
  7100 | D:5      | Found an iron altar of Okawaru.
  7661 | D:5      | Reached skill level 3 in Invocations
  7950 | D:6      | Found a radiant altar of Vehumet.
  8067 | D:6      | Found a stormy altar of Qazlal.
  8087 | D:6      | Found a staircase to the Ecumenical Temple.
  8613 | D:7      | Identified the +0 leather armour of the Enchanted Forest
                  | {*Slow rC+ Str+9 SInv}
  8620 | D:7      | Reached * piety under Cheibriados
  8895 | D:7      | Reached skill level 4 in Invocations
  8912 | D:7      | Reached skill level 5 in Fighting
  8912 | D:7      | Reached XP level 9. HP: 46/68 MP: 1/16
  9444 | D:8      | Reached skill level 5 in Spellcasting
  9584 | D:8      | Reached skill level 1 in Evocations
  9600 | D:8      | Reached skill level 5 in Invocations
  9779 | D:8      | Noticed Maggie
 10056 | D:8      | Killed Maggie
 10246 | D:8      | Reached skill level 1 in Armour
 10544 | D:8      | Reached ** piety under Cheibriados
 11050 | D:9      | Noticed Prince Ribbit
 11068 | D:9      | Killed Prince Ribbit
 11256 | D:9      | Reached skill level 5 in Armour
 11256 | D:9      | Reached XP level 10. HP: 60/74 MP: 10/18
 11738 | D:9      | Found a staircase to the Lair.
 11758 | D:9      | Reached *** piety under Cheibriados
 11843 | D:9      | Reached skill level 6 in Invocations
 11843 | D:9      | Noticed a two-headed ogre
 11912 | D:8      | Killed a two-headed ogre
 12090 | D:9      | Found a transporter.
 12091 | D:9      | Found a transporter.
 12093 | D:9      | Noticed a worldbinder
 12095 | D:9      | Found a one-way gate to the infinite horrors of the Abyss.
 12095 | D:9      | Noticed PlumEater's ghost (novice MiFi)
 12098 | D:9      | Noticed a toenail golem
 12099 | D:9      | Noticed a toenail golem
 12449 | D:10     | Entered Level 10 of the Dungeon
 12449 | D:10     | Noticed Joseph
 12461 | D:10     | Killed Joseph
 12684 | D:10     | Reached skill level 7 in Invocations
 12699 | D:10     | Reached **** piety under Cheibriados
 12710 | D:10     | Reached XP level 11. HP: 65/79 MP: 8/20
 12855 | D:10     | Found a flagged portal.
 12867 | Bailey   | Entered a bailey
 12970 | Bailey   | Learned a level 1 spell: Apportation
 13410 | Bailey   | Reached ***** piety under Cheibriados
 13636 | Bailey   | Reached skill level 1 in Translocations
 13728 | Bailey   | Noticed an orc warlord
 13754 | Bailey   | Killed an orc warlord
 14020 | D:10     | Found a bloodstained altar of Trog.
 14373 | D:11     | Found a staircase to the Orcish Mines.
 14463 | D:11     | Reached skill level 8 in Invocations
 15137 | D:12     | Noticed a boulder beetle
 15142 | D:12     | Noticed Erolcha
 15257 | D:12     | Killed Erolcha
 15285 | D:12     | Learned a level 5 spell: Freezing Cloud
 15568 | D:12     | Found Keyduc's Weapon Shop.
 15634 | D:13     | Noticed a six-headed hydra
 15700 | D:13     | Noticed a two-headed ogre
 15703 | D:13     | Noticed a centaur warrior
 15705 | D:13     | Killed a two-headed ogre
 15706 | D:13     | Reached skill level 1 in Ice Magic
 15706 | D:13     | Reached skill level 1 in Air Magic
 15706 | D:13     | Reached skill level 9 in Invocations
 15709 | D:13     | Reached skill level 10 in Invocations
 15709 | D:13     | Gained mutation: When seriously injured, your blood forms
                  | thick armour. (AC +0) [demonic ancestry]
 15709 | D:13     | Reached XP level 12. HP: 13/89 MP: 22/22
 15712 | D:13     | Killed a centaur warrior
 15713 | D:13     | Gained mutation: A demonic guardian rushes to your aid.
                  | [demonic ancestry]
 15713 | D:13     | Reached XP level 13. HP: 20/95 MP: 13/23
 16096 | D:12     | Found a blossoming altar of Fedhas.
 16145 | D:12     | Noticed Snorg
 16160 | D:12     | Killed Snorg
 16161 | D:12     | Reached skill level 11 in Invocations
 16287 | D:12     | Noticed Fannar
 16299 | D:12     | Killed Fannar
 16488 | D:12     | Reached skill level 5 in Ice Magic
 16523 | D:12     | Reached skill level 5 in Air Magic
 17234 | D:13     | Identified the +4 flail of Governance {antimagic, Fragile
                  | rN+ Int+3 Dex+4}
 17512 | D:13     | Reached skill level 1 in Axes
 17896 | Lair:1   | Entered Level 1 of the Lair of Beasts
 18175 | Lair:1   | Reached skill level 12 in Invocations
 19595 | Lair:2   | Found a runed translucent door.
 19596 | Lair:2   | Noticed borntocrawl's ghost (journeyman DgSu)
 19616 | Lair:2   | Killed borntocrawl's ghost
 19617 | Lair:2   | Reached skill level 13 in Invocations
 19704 | Lair:2   | Reached ****** piety under Cheibriados
 20410 | Lair:3   | Noticed Amaemon
 20423 | Lair:3   | Killed Amaemon
 20513 | Lair:3   | Reached XP level 14. HP: 28/105 MP: 14/24
 20593 | Lair:3   | Reached skill level 1 in Necromancy
 20607 | Lair:3   | Reached skill level 5 in Axes
 20688 | Lair:3   | Found a hole to the Spider Nest.
 20938 | Lair:3   | Noticed Kirke
 20943 | Lair:3   | Killed Kirke
 21140 | Lair:3   | Found a staircase to the Swamp.
 21599 | Lair:4   | Acquired the +1 pair of gloves of the Jabberwock {Fly rF+}
 21848 | Lair:4   | Reached skill level 14 in Invocations
 21852 | Lair:4   | Noticed Rupert
 21864 | Lair:4   | Killed Rupert
 22597 | Lair:5   | Entered Level 5 of the Lair of Beasts
 22695 | Lair:5   | Found a frozen archway.
 22700 | Lair:5   | Noticed Josephine
 22712 | Lair:5   | Killed Josephine
 22715 | IceCv    | Entered an ice cave
 23634 | IceCv    | Reached skill level 1 in Shields
 23705 | IceCv    | Noticed a reaper
 23718 | IceCv    | Killed a reaper
 23845 | Lair:5   | Reached skill level 15 in Invocations
 23980 | Lair:5   | Gained mutation: You are mostly covered in sharp spines.
                  | [demonic ancestry]
 23980 | Lair:5   | Reached XP level 15. HP: 110/110 MP: 27/27
 24529 | Lair:5   | Found a viscous altar of Jiyva.
 24552 | Lair:5   | Found a staircase to the Slime Pits.
 25199 | Lair:5   | Got Qejibb's Omnibus of Gathered Pyromania
 25276 | Lair:5   | Learned a level 5 spell: Fireball
 25871 | D:13     | Found a gate to the Vaults.
 26024 | D:14     | Reached skill level 16 in Invocations
 26646 | D:14     | Identified Roxanne's Anthology of the Geologist
 26646 | D:14     | Noticed Roxanne
 26668 | D:14     | Killed Roxanne
 26717 | D:15     | Entered Level 15 of the Dungeon
 26924 | D:15     | Acquired the +0 hat "Wupuc" {rC+ rCorr}
 27423 | D:15     | Noticed Agnes
 27433 | D:15     | Killed Agnes
 27434 | D:15     | Reached skill level 5 in Evocations
 27822 | D:15     | Found a staircase to the Depths.
 28170 | Orc:1    | Entered Level 1 of the Orcish Mines
 28606 | Orc:2    | Entered Level 2 of the Orcish Mines
 28738 | Orc:2    | Found a staircase to the Elven Halls.
 28862 | Orc:2    | Found Nuerghej's Vocational Training.
 29045 | Orc:2    | Reached XP level 16. HP: 120/120 MP: 19/29
 29051 | Orc:2    | Reached skill level 10 in Spellcasting
 29431 | Orc:2    | Reached skill level 10 in Fire Magic
 29540 | Orc:2    | Found Veanelehemu's Antique Armour Shoppe.
 29548 | Orc:2    | Found Nempad's Antique Weapon Shoppe.
 29550 | Orc:2    | Found Nikeqid's General Store.
 29550 | Orc:2    | Found Guprogof's Jewellery Emporium.
 29558 | Orc:2    | Bought a scroll of teleportation for 36 gold pieces
 29717 | Orc:2    | Bought a manual of Evocations for 1120 gold pieces
 29717 | Orc:2    | Bought a manual of Invocations for 1120 gold pieces
 29880 | Depths:1 | Entered Level 1 of the Depths
 29880 | Depths:1 | Noticed Saint Roka
 29880 | Depths:1 | Noticed a tengu reaver
 29880 | Depths:1 | Found a gateway to Hell.
 30213 | Swamp:1  | Entered Level 1 of the Swamp
 30259 | Swamp:1  | Reached skill level 17 in Invocations
 30300 | Swamp:1  | Learned a level 5 spell: Borgnjor's Vile Clutch
 30438 | Swamp:1  | Reached skill level 1 in Earth Magic
 30875 | Swamp:2  | Noticed Aizul
 30954 | Swamp:2  | Killed Aizul
 30960 | Swamp:2  | Reached skill level 18 in Invocations
 30975 | Swamp:2  | Noticed Jorgrun
 31076 | Swamp:2  | Killed Jorgrun
 31735 | Swamp:3  | Reached skill level 19 in Invocations
 31774 | Swamp:3  | Reached skill level 10 in Evocations
 31900 | Swamp:3  | Noticed a tentacled monstrosity
 31914 | Swamp:3  | Killed a tentacled monstrosity
 31915 | Swamp:3  | Reached skill level 5 in Earth Magic
 32104 | Swamp:3  | Identified the +2 cloak "Kuhodeg" {Drain Int+4 Dex+7 SInv}
 32336 | Swamp:4  | Entered Level 4 of the Swamp
 32355 | Swamp:4  | Reached skill level 5 in Dodging
 32479 | Swamp:3  | HP: 7/180 [poison (poison gas)]
 32480 | Swamp:3  | HP: 2/180 [poison (poison gas)]
 32600 | Swamp:4  | Reached XP level 17. HP: 126/126 MP: 24/31
 33177 | Swamp:4  | Upgraded the game from 0.30-a0-367-g839099abd5 to
                  | 0.30-a0-371-gad7725a93e
 33470 | Swamp:4  | Reached skill level 10 in Fighting
 34581 | Swamp:4  | Got a decaying rune of Zot
 34966 | Vaults:1 | Entered Level 1 of the Vaults
 35604 | Vaults:1 | HP: 6/129 [disintegration (45)]
 35610 | Vaults:1 | Reached skill level 5 in Shields
 37145 | Vaults:1 | Gained mutation: A powerful demonic guardian rushes to your
                  | aid. [demonic ancestry]
 37145 | Vaults:1 | Reached XP level 18. HP: 138/138 MP: 32/32
 37403 | Elf:1    | Entered Level 1 of the Elven Halls
 37408 | Elf:1    | Paralysed by an air elemental for 1 turns
 37879 | Elf:1    | Reached skill level 10 in Axes
 38246 | Elf:1    | Found Lyushoru's Book Boutique.
 38467 | Elf:1    | Learned a level 6 spell: Iron Shot
 38919 | Elf:1    | Noticed Frances
 38928 | Elf:1    | Killed Frances
 39202 | Elf:2    | Found Utein's Distillery.
 39241 | Elf:2    | Reached skill level 20 in Invocations
 39306 | Elf:2    | Bought a potion of heal wounds for 85 gold pieces
 39306 | Elf:2    | Bought a potion of heal wounds for 85 gold pieces
 39311 | Elf:2    | Found a runed translucent gate.
 39312 | Elf:2    | Found a runed translucent gate.
 39571 | Elf:2    | Reached skill level 10 in Conjurations
 39579 | Elf:2    | Paralysed by an air elemental for 1 turns
 39805 | Elf:2    | Found a runed translucent gate.
 41048 | Elf:2    | Gained mutation: Your touch may irresistibly damage your
                  | foes and sap their willpower. [demonic ancestry]
 41048 | Elf:2    | Reached XP level 19. HP: 72/146 MP: 7/33
 41253 | Elf:3    | Entered Level 3 of the Elven Halls
 41629 | Elf:3    | Paralysed by an air elemental for 1 turns
 41867 | Elf:2    | Reached skill level 21 in Invocations
 42170 | Abyss:3  | Cast into level 3 of the Abyss (a deep elf sorcerer)
 42495 | Abyss:3  | Gained mutation: You are weak. (Str -2) [a shining eye]
 42558 | Elf:3    | Escaped the Abyss
 42783 | Abyss:3  | Cast into level 3 of the Abyss (a deep elf sorcerer)
 43035 | Abyss:3  | Paralysed by accursed screaming for 1 turns
 43240 | Elf:3    | Escaped the Abyss
 43844 | Abyss:3  | Cast into level 3 of the Abyss (a deep elf sorcerer)
 43855 | Abyss:3  | Learned a level 6 spell: Statue Form
 43924 | Abyss:3  | Reached skill level 22 in Invocations
 43973 | Abyss:3  | Reached skill level 1 in Transmutations
 44241 | Elf:3    | Escaped the Abyss
 45239 | Elf:3    | Got the Folio of Blasts
 45242 | Elf:3    | Got the Compendium of Sculpting and Putrescence
 45266 | Elf:3    | Identified the +1 plate armour of Fedhas's Castigation
                  | {Int+3}
 45280 | Elf:3    | Gained mutation: When seriously injured, your blood forms
                  | very thick armour. (AC +0) [demonic ancestry]
 45280 | Elf:3    | Reached XP level 20. HP: 123/155 MP: 23/35
 45289 | Elf:3    | Identified the +5 longbow "Axaiwn" {flame, rPois rC+ Int-2}
 45292 | Elf:3    | Identified the ring "Ussapusch" {rElec EV+4 Str+2}
 45866 | Vaults:2 | Reached skill level 23 in Invocations
 46025 | Vaults:2 | Reached skill level 5 in Transmutations
 46086 | Vaults:2 | Found a magical portal.
 46107 | WizLab   | Entered Maxwell's Workshop
 46842 | WizLab   | Identified the ring "Buthroni" {Ice Drain rN+ Will+}
 47071 | WizLab   | Identified the ring "Juphyubb" {Fire Will+ Str-2 Dex+3}
 47076 | WizLab   | Identified the +1 ring mail of the Bashing Gods {rF+ Regen+
                  | rCorr}
 47077 | WizLab   | Identified the +6 spear of the Whelk {freeze, rN++ Dex+3}
 47466 | Vaults:2 | Found Tosiv's Weapon Shoppe.
 48206 | Vaults:2 | Reached skill level 10 in Transmutations
 48639 | Vaults:3 | Found a staircase to the Crypt.
 48711 | Vaults:3 | Reached XP level 21. HP: 44/160 MP: 30/36
 49479 | Vaults:3 | Reached skill level 24 in Invocations
 50143 | Vaults:3 | Identified the +10 dagger "Vext" {spect, *Corrode rPois
                  | MP+9}
 50936 | Vaults:4 | Found Ynirud's Assorted Antiques.
 51442 | Vaults:4 | Paralysed by a sphinx for 3 turns
 52150 | Spider:1 | Entered Level 1 of the Spider Nest
 52638 | Spider:1 | Noticed Donald
 52658 | Spider:1 | Killed Donald
 53731 | Spider:2 | Noticed Arachne
 53736 | Spider:2 | Noticed Nikola
 53741 | Spider:2 | Killed Arachne
 53742 | Spider:2 | Gained mutation: You are completely covered in sharp
                  | spines. [demonic ancestry]
 53742 | Spider:2 | Reached XP level 22. HP: 106/171 MP: 31/38
 53753 | Spider:2 | Killed Nikola
 54903 | Spider:3 | Reached skill level 10 in Shields
 55137 | Spider:3 | Learned a level 5 spell: Irradiate
 55238 | Spider:4 | Entered Level 4 of the Spider Nest
 56746 | Spider:4 | Identified the +1 pair of boots "Waest" {*Slow Will++
                  | Regen+ rCorr}
 56772 | Spider:4 | Got a gossamer rune of Zot
 57845 | Slime:1  | Entered Level 1 of the Pits of Slime
 60509 | Slime:4  | Noticed Dissolution
 60520 | Slime:4  | Killed Dissolution
 60521 | Slime:4  | Reached skill level 15 in Fighting
 60521 | Slime:4  | Reached XP level 23. HP: 149/181 MP: 29/40
 60745 | Slime:5  | Entered Level 5 of the Pits of Slime
 62194 | Slime:5  | Noticed the Royal Jelly
 62206 | Slime:5  | Killed the Royal Jelly
 62340 | Slime:5  | Found the amulet of the Four Winds {rN+ Will+++ Clar}
 62365 | Slime:5  | Identified the +14 chain mail "Guenaet" {Harm rCorr}
 62391 | Slime:5  | Got a slimy rune of Zot
 62434 | Slime:5  | Identified the +2 scale mail of Negation {Harm rElec rF-
                  | SInv}
 62450 | Slime:5  | Identified the ring "Yveen" {rF+ rCorr Str+4}
 62751 | Lair:1   | Learned a level 7 spell: Spellforged Servitor
 62904 | Depths:1 | Reached skill level 1 in Summonings
 63081 | D:15     | Killed Saint Roka
 63470 | Depths:1 | Found a one-way gate leading to the halls of Pandemonium.
 63501 | Depths:1 | Found a sparkling altar of Nemelex Xobeh.
 64018 | Depths:1 | Reached skill level 5 in Summonings
 64415 | Depths:1 | Noticed Asterion
 64420 | Depths:1 | Killed Asterion
 65491 | Depths:2 | Identified the +9 trident of Wyrd {drain, rC++ Int-5}
 65491 | Depths:2 | Identified the ring "Ovej" {Drain rElec rC+ EV+4}
 65713 | Depths:2 | Found the -2 hat of the Alchemist {rElec rPois rF+ rC+ rN+
                  | Will+ rMut rCorr}
 66166 | Depths:2 | Reached skill level 10 in Summonings
 66207 | Depths:2 | Noticed Bai Suzhen
 66218 | Depths:2 | Killed Bai Suzhen
 66351 | Depths:2 | Found a one-way gateway to a ziggurat.
 66426 | Depths:2 | Found a runed translucent gate.
 66426 | Depths:2 | Found a runed translucent gate.
 66428 | Depths:2 | Found a runed translucent gate.
 66429 | Depths:2 | Noticed an ancient lich
 66430 | Depths:2 | Noticed Majang's ghost (veteran TeHu)
 66453 | Depths:2 | Killed an ancient lich
 66458 | Depths:2 | Killed Majang's ghost
 66564 | Depths:2 | Identified the +1 pair of gloves of Contentment {rC+ Str-3
                  | Stlth+}
 67254 | Depths:3 | Noticed Mennas
 67259 | Depths:3 | Gained mutation: Your magical and physical power is
                  | slightly enhanced at high health. [demonic ancestry]
 67259 | Depths:3 | Reached XP level 24. HP: 152/190 MP: 27/41
 67266 | Depths:3 | HP: 10/247 [iron troll (4)]
 67269 | Depths:3 | Killed Mennas
 67505 | Depths:3 | Paralysed by a floating eye for 2 turns
 67517 | Depths:3 | Identified the ring of Pedghen {Will+ Dex+6}
 67856 | Depths:3 | Identified the ring "Umnotog" {Will++ Str+6}
 68034 | Depths:3 | Paralysed by a floating eye for 4 turns
 68079 | Depths:3 | Identified the +11 sling "Xiast" {flame, rC++ Int+2}
 68102 | Depths:3 | Found a transporter.
 68485 | Depths:3 | Identified the ring "Ilueqiv" {Fly rN+ Int+4 Stlth-}
 68616 | Depths:3 | Found a transporter.
 68800 | Depths:4 | Entered Level 4 of the Depths
 68856 | Depths:4 | Noticed Parghit
 68887 | Depths:4 | Killed Parghit
 69923 | Depths:4 | Reached skill level 10 in Armour
 70086 | Depths:4 | Found a gate to the Realm of Zot.
 70527 | Depths:4 | Found Maucs's Assorted Antiques.
 70528 | Depths:4 | Found Ogirreap's Antique Weapon Boutique.
 70529 | Depths:4 | Found Balimuc's Armour Shoppe.
 70530 | Depths:4 | Found Onlio's Jewellery Shop.
 70541 | Depths:4 | Bought a bloodstained morningstar for 396 gold pieces
 70541 | Depths:4 | Identified the +3 morningstar "Dofub" {freeze, Dex+6} (You
                  | bought it in a shop on level 4 of the Depths)
 70545 | Depths:4 | Bought a potion of might for 104 gold pieces
 70545 | Depths:4 | Bought a scroll of teleportation for 78 gold pieces
 70545 | Depths:4 | Bought a potion of might for 104 gold pieces
 70545 | Depths:4 | Bought a potion of heal wounds for 130 gold pieces
 70545 | Depths:4 | Bought a scroll of teleportation for 78 gold pieces
 71162 | Vaults:5 | Entered Level 5 of the Vaults
 71792 | Vaults:5 | Reached XP level 25. HP: 95/190 MP: 18/41
 71797 | Vaults:5 | Reached skill level 25 in Invocations
 71800 | Vaults:5 | HP: 7/189 [lich/bolt of cold (25)]
 72510 | Vaults:5 | Noticed an ancient lich
 72522 | Vaults:5 | Killed an ancient lich
 73026 | Vaults:5 | Got a silver rune of Zot
 73597 | Vaults:5 | Found Pidad's Distillery.
 73605 | Vaults:5 | Bought a potion of brilliance for 56 gold pieces
 73605 | Vaults:5 | Bought a potion of resistance for 140 gold pieces
 73605 | Vaults:5 | Bought a potion of heal wounds for 70 gold pieces
 73605 | Vaults:5 | Bought a potion of cancellation for 112 gold pieces
 73605 | Vaults:5 | Bought a potion of might for 56 gold pieces
 73836 | Vaults:5 | Found Kacs's Magic Scroll Shoppe.
 73841 | Vaults:5 | Bought a scroll of teleportation for 36 gold pieces
 73841 | Vaults:5 | Bought a scroll of silence for 114 gold pieces
 73841 | Vaults:5 | Bought a scroll of blinking for 90 gold pieces
 73841 | Vaults:5 | Bought a scroll of teleportation for 36 gold pieces
 73877 | Vaults:5 | Found Jefio's Book Emporium.
 73883 | Vaults:5 | Bought a book of Decay for 480 gold pieces
 73888 | Vaults:5 | Found Yxosumig's Distillery.
 73889 | Vaults:5 | Found Riutyoc's Antique Armour Boutique.
 73893 | Vaults:5 | Bought a potion of might for 76 gold pieces
 73893 | Vaults:5 | Bought a potion of cancellation for 152 gold pieces
 73893 | Vaults:5 | Bought a potion of berserk rage for 95 gold pieces
 73893 | Vaults:5 | Bought a potion of resistance for 190 gold pieces
 73938 | Vaults:5 | Found Dyzxadd's Antique Weapon Shop.
 73941 | Vaults:5 | Reached skill level 10 in Dodging
 74087 | Vaults:5 | Found Irutus's Distillery.
 74087 | Vaults:5 | Found Kiwnoem's Magic Scroll Shop.
 74092 | Vaults:5 | Bought a potion of mutation for 160 gold pieces
 74092 | Vaults:5 | Bought a potion of curing for 60 gold pieces
 74092 | Vaults:5 | Bought 2 potions of heal wounds for 200 gold pieces
 74092 | Vaults:5 | Bought a potion of brilliance for 80 gold pieces
 74099 | Vaults:5 | Bought a scroll of fear for 48 gold pieces
 74099 | Vaults:5 | Bought a scroll of enchant armour for 90 gold pieces
 74099 | Vaults:5 | Bought a scroll of fear for 48 gold pieces
 74274 | Vaults:5 | Bought a Necronomicon for 896 gold pieces
 74378 | Crypt:1  | Entered Level 1 of the Crypt
 74386 | Crypt:1  | Reached skill level 5 in Necromancy
 74687 | Crypt:1  | Found a transporter.
 74801 | Crypt:1  | Found a transporter.
 74852 | Crypt:1  | Noticed a dread lich
 74864 | Crypt:1  | Killed a dread lich
 74884 | Crypt:1  | Gained mutation: You occasionally lose the ability to read
                  | scrolls when taking damage. [a cacodemon]
 74931 | Crypt:1  | Noticed an ancient lich
 74940 | Crypt:1  | Killed an ancient lich
 74998 | Crypt:1  | Identified the +2 dagger "Veann" {holy, Int+5}
 75018 | Crypt:1  | Identified the ring "Lac Qonama" {Wiz rF++ rCorr}
 75033 | Crypt:1  | Identified the ring of Moodiness {Ice rElec rPois}
 75047 | Crypt:1  | Upgraded the game from 0.30-a0-371-gad7725a93e to
                  | 0.30-a0-372-g0ce2686038
 75228 | Crypt:2  | Noticed Jory
 75229 | Crypt:2  | Reached skill level 10 in Necromancy
 75229 | Crypt:2  | Found a basalt altar of Yredelemnul.
 75250 | Crypt:2  | Killed Jory
 75615 | Crypt:2  | Gained mutation: Your magical and physical power is
                  | enhanced at high health. [demonic ancestry]
 75615 | Crypt:2  | Reached XP level 26. HP: 209/209 MP: 35/41
 76290 | Crypt:3  | Entered Level 3 of the Crypt
 76743 | Crypt:3  | Noticed an ancient lich
 76745 | Crypt:3  | Found a basalt altar of Yredelemnul.
 76755 | Crypt:3  | Killed an ancient lich
 76829 | Crypt:3  | Identified the +4 mace of Articulation {protect, Fragile
                  | rPois Dex+8 Stlth-}
 76830 | Crypt:3  | Identified the ring "Ytont" {rN+ Dex+6}
 76830 | Crypt:3  | Identified the ring "Asouram" {rN+ Str+2}
 76992 | Crypt:3  | Found a staircase to the Tomb.
 77020 | Crypt:3  | Reached skill level 26 in Invocations
 77077 | Crypt:3  | Identified the +3 leather armour of Time Monsters {rF+
                  | Str+2}
 77887 | Tomb:1   | Entered Level 1 of the Tomb of the Ancients
 77997 | Tomb:1   | Reached skill level 15 in Spellcasting
 78516 | Hell     | Entered the Vestibule of Hell
 78516 | Hell     | Noticed Geryon
 78524 | Hell     | Killed Geryon
 78628 | Depths:1 | Lost mutation: You are weak. (Str -2) [potion of mutation]
 78628 | Depths:1 | Lost mutation: You occasionally lose the ability to read
                  | scrolls when taking damage. [potion of mutation]
 78628 | Depths:1 | Gained mutation: Your body sometimes deteriorates upon
                  | taking damage. [potion of mutation]
 78629 | Depths:1 | Lost mutation: Your body sometimes deteriorates upon taking
                  | damage. [potion of mutation]
 78629 | Depths:1 | Gained mutation: You have sharp toenails. [potion of
                  | mutation]
 78629 | Depths:1 | Gained mutation: Your magical capacity is low. (-10% MP)
                  | [potion of mutation]
 78629 | Depths:1 | Gained mutation: Your spells are a little easier to cast,
                  | but a little less powerful. [potion of mutation]
 78629 | Depths:1 | Gained mutation: Your muscles are strong. (Str +4, Int/Dex
                  | -1) [potion of mutation]
 78630 | Depths:1 | Lost mutation: Your spells are a little easier to cast, but
                  | a little less powerful. [potion of mutation]
 78630 | Depths:1 | Lost mutation: Your muscles are strong. (Str +4, Int/Dex
                  | -1) [potion of mutation]
 78630 | Depths:1 | Gained mutation: You have a pair of small horns on your
                  | head. [potion of mutation]
 78631 | Depths:1 | Lost mutation: You have sharp toenails. [potion of
                  | mutation]
 78631 | Depths:1 | Lost mutation: Your magical capacity is low. (-10% MP)
                  | [potion of mutation]
 78631 | Depths:1 | Lost mutation: You have a pair of small horns on your head.
                  | [potion of mutation]
 78631 | Depths:1 | Gained mutation: You have a somewhat thin skeletal
                  | structure. (Dex +2, Stealth+) [potion of mutation]
 78631 | Depths:1 | Gained mutation: Your system is resistant to poisons.
                  | (rPois) [potion of mutation]
 79566 | Hell     | Found a gateway to the Iron City of Dis.
 79651 | Hell     | Found a gateway to the ashen valley of Gehenna.
 79773 | Hell     | Found a gateway to the decaying netherworld of Tartarus.
 79910 | Hell     | Found a gateway to the freezing wastes of Cocytus.
 79926 | Hell     | Upgraded the game from 0.30-a0-372-g0ce2686038 to
                  | 0.30-a0-373-gd37427bb62
 79986 | Geh:1    | Entered Level 1 of Gehenna
 80408 | Geh:1    | You fall into a shaft and drop 1 floor!
 80939 | Geh:3    | Reached skill level 27 in Invocations
 81003 | Geh:3    | Gained mutation: Your magical and physical power is greatly
                  | enhanced at high health. [demonic ancestry]
 81003 | Geh:3    | Reached XP level 27. HP: 151/216 MP: 10/42
 82898 | Geh:7    | Entered Level 7 of Gehenna
 83162 | Geh:7    | Reached skill level 15 in Necromancy
 83996 | Geh:7    | Noticed an ancient lich
 84004 | Geh:7    | Killed an ancient lich
 84706 | Geh:7    | Found the +7 sceptre of Asmodeus
 84706 | Geh:7    | Noticed Asmodeus
 84720 | Geh:7    | Killed Asmodeus
 84824 | Geh:7    | Got an obsidian rune of Zot
 84876 | Geh:7    | Got The Cyclopedia of Greatest Risks and Utility
 84886 | Geh:7    | Learned a level 8 spell: Necromutation
 84919 | Geh:7    | Identified the +10 quick blade of Wealth {vorpal, rElec
                  | rCorr Str-3 Stlth+}
 85079 | Coc:1    | Entered Level 1 of Cocytus
 85121 | Tar:1    | Entered Level 1 of Tartarus
 86150 | Tar:4    | You fall into a shaft and drop 2 floors!
 86542 | Tar:7    | Entered Level 7 of Tartarus
 86844 | Tar:7    | Identified the +5 hand axe "Ralaph" {freeze, *Slow rC-
                  | rCorr Int+7}
 86845 | Tar:7    | Identified the +2 robe of the Saviour {*Corrode Dex+5
                  | Slay+2}
 86846 | Tar:7    | Identified the +0 chain mail "Marphoa" {rElec Str+4 Int-5
                  | Dex+2}
 87007 | Tar:7    | Noticed a dread lich
 87009 | Tar:7    | Paralysed by a dread lich for 4 turns
 87016 | Tar:7    | Killed a dread lich
 87298 | Tar:7    | Learned a level 8 spell: Lehudib's Crystal Spear
 87416 | Tar:7    | Reached skill level 10 in Earth Magic
 87432 | Tar:7    | Noticed a dread lich
 87441 | Tar:7    | Killed a dread lich
 87485 | Tar:7    | Identified the +6 flail "Folathada" {flame, rPois rF-
                  | Will++ Stlth-}
 87575 | Tar:7    | Noticed an ancient lich
 87658 | Tar:7    | Killed an ancient lich
 87741 | Tar:7    | Noticed the Serpent of Hell
 87748 | Tar:7    | Killed the Serpent of Hell
 87931 | Tar:7    | Noticed Ereshkigal
 88234 | Tar:7    | Killed Ereshkigal
 88290 | Tar:7    | Got a bone rune of Zot
 88451 | Pan      | Entered Pandemonium
 88542 | Pan      | Reached skill level 15 in Evocations
 88594 | Pan      | Noticed Tuarph the pandemonium lord
 88598 | Pan      | Killed Tuarph the pandemonium lord
 89000 | Pan      | Noticed Onkamaq the pandemonium lord
 89265 | Pan      | Killed Onkamaq the pandemonium lord
 90111 | Pan      | Reached skill level 15 in Axes
 91372 | Pan      | Noticed Hogomeh the pandemonium lord
 91379 | Pan      | Killed Hogomeh the pandemonium lord
 92250 | Pan      | HP: 12/284 [smoke demon/divine providence (7)]
 92250 | Pan      | Killed from afar by a smoke demon

Illustrated notes

Levels and vault maps discovered:
D:1:      dpeg_arrival_court, layout_loops_ring,
          dreamdust_ecumenical_altar_statues, minmay_misc_feat_nine_boxes,
          serial_bayou_lagoon_a, serial_bayou_pond_b
D:2:      wander_river, layout_basic, minmay_pentomino_o4
D:3:      layout_loops_corners, mainiacjoe_overflow_alcove_3,
          mainiacjoe_overflow_tiny_flanked, kennysheep_generic_room_16
D:4:      layout_rooms, corexii_item_surrounded_by_moat,
          kennysheep_generic_room_13, uniq_ijyb
D:5:      layout_basic, okawaru_trees_1, enter_ossuary_2
D:6:      layout_basic, kennysheep_mini_moat, old_standard_altar,
          grunt_qazlal_clouds, minmay_temple_entry_offerings,
          portal_sewer_entry_a
D:7:      layout_basic, serial_corexii_hall, chequers_hall_statues_wall_a,
          chequers_hall_statues_y, chequers_hall_statues_corner_a,
          corexii_hall_statues_deadend
D:8:      layout_basic, uniq_maggie
D:9:      layout_roguey, lair_entry_dummy, gammafunk_ghost_abyssal_escape,
          corexii_hall_statues_deadend, uniq_prince_ribbit1
D:10:     layout_rooms, mainiacjoe_overflow_alcove_4, enter_bailey_7,
          serial_ice, serial_ice_h, serial_ice_g, serial_ice_m, serial_ice_a,
          uniq_joseph
D:11:     layout_basic, orc_0_dummy, minmay_misc_feat_columns,
          nrook_pool_corridor
D:12:     layout_roguey, serial_shops, nicolae_shop_advertising_works
          [nicolae_subvault_shop_adworks], fedhas_altar_4, uniq_erolcha,
          uniq_fannar, uniq_snorg
D:13:     wad_woods_tower, layout_irregular_city,
          hangedman_vaults_entry_quadrant_bands
D:14:     layout_loops_ring, nicolae_cairo_tiling_large_dashed, uniq_roxanne
D:15:     grunt_enter_depths_snipers, layout_basic, minmay_misc_feat_cross,
          nicolae_hexahallways, statue_in_the_mist_lemuel, nicolae_titane,
          uniq_agnes
Lair:1:   lemuel_slime, layout_hall_layers, hangedman_lair_unloving_vines
Lair:2:   layout_layer_cave, hellmonk_ghost_happy_afterlife,
          chequers_serial_rivers_small_3, chequers_serial_rivers_room_b
Lair:3:   layout_loops_ring, minmay_swamp_entry_swarm, spider_nest_entry_rubble,
          nzn_random_ring, uniq_kirke, uniq_amaemon
Lair:4:   layout_long_grid, uniq_rupert
Lair:5:   grunt_lair_end_beastmaster, layout_regular_city,
          minmay_slime_entry_pillars, portal_ice_cave_entry_imps, st_stairs_4,
          guppyfry_lair_drakes, uniq_josephine
Swamp:1:  layout_falls_marsh, nicolae_swamp_orc_logging_accident
Swamp:2:  layout_falls_marsh, evilmike_swamp_ruin_house_2, swamp_pool2,
          nicolae_swamp_triple_paths, uniq_aizul, uniq_jorgrun
Swamp:3:  layout_basic_swamp, evilmike_swamp_ruin_house_6
Swamp:4:  swamp_alternative, layout_basic_swamp, infiniplex_staircase_pool
Spider:1: layout_cave_pods, nicolae_spider_checkerboard, uniq_donald
Spider:2: layout_spider_delve, uniq_nikola, uniq_arachne
Spider:3: nicolae_spider_hilbert_zone_5 [nicolae_spider_hilbert_3_sides_1_open,
          nicolae_spider_hilbert_4_sides_1_open,
          nicolae_spider_hilbert_4_sides_1_open,
          nicolae_spider_hilbert_6_sides_1_open,
          nicolae_spider_hilbert_6_sides_1_open]
Spider:4: spider_rune_water, nicolae_spider_bzzzt
Slime:1:  layout_caves
Slime:2:  cheibrodos_slime_lost_civilization_10, layout_caves
Slime:3:  layout_caves
Slime:4:  layout_caves, nicolae_slime_round_cave, uniq_dissolution
Slime:5
Orc:1:    layout_diamond_mine
Orc:2:    st_orc_congregation, layout_caves, basic_altar,
          nicolae_shop_vocational
Elf:1:    nicolae_elf_arrival_aired_out, layout_onion_city, serial_shops, shop,
          hangedman_elven_crosses_minicolossus, grunt_ministairs_4, uniq_frances
Elf:2:    nicolae_elf_blades_splatter_lattice
          [nicolae_blade_entry_area_security], layout_rooms,
          serial_co_window_serial, co_window_paths_a, co_window_corner_a,
          co_window_of_opportunity_a, co_window_of_opportunity_a,
          co_window_of_opportunity_a, co_window_corner_a,
          co_window_of_opportunity_b, co_window_unsneaky_path_c,
          co_window_of_opportunity_c, co_window_corner_b, co_window_corner_b,
          co_window_corner_b, serial_shops, shop_fountains
Elf:3:    minmay_elf_hall_x, layout_gridlike, minivault_26
Vaults:1: nicolae_vaults_asterisk, nicolae_vaults_what_the_h,
          ontoclasm_vaults_idyll, vaults_room_grunt_arrival_ludios,
          hangedman_vaults_trim, nicolae_vaults_asterisk, layout_vaults_omnigrid
Vaults:2: lightli_enter_wizlab_magi_temple, vaults_mumra_chevron_long,
          hangedman_vaults_snaps, nicolae_vaults_ninety_degrees,
          nicolae_vaults_halls_meeting, ontoclasm_vaults_gateway, v_misc_25,
          nicolae_vaults_network_s, v_misc_15, nicolae_vaults_specimen_jars,
          vaults_room_hallway, v_misc_27, v_misc_30, hangedman_vaults_trim,
          nicolae_vaults_asterisk, layout_vaults_ring, serial_shops,
          nicolae_shop_competitors_out_of_business
Vaults:3: v_pattern_4, vaults_room_door_ring, hangedman_vaults_stagger,
          minmay_crypt_entry_simple_sparse, nicolae_vaults_network_quinsquares
          [nicolae_vaults_network_quincunx_subvault,
          nicolae_vaults_network_quincunx_subvault,
          nicolae_vaults_network_quincunx_subvault,
          nicolae_vaults_network_quincunx_subvault], ontoclasm_vaults_shuriken,
          ontoclasm_vaults_ligature, nicolae_vaults_network_star, v_misc_2,
          v_misc_29, ontoclasm_vaults_bender, vaults_room_hangedman_quadrants,
          ontoclasm_vaults_loading_screen, vaults_room_pools,
          layout_vaults_omnicross
Vaults:4: vaults_mumra_hex, ontoclasm_vaults_chip, v_misc_16,
          vaults_room_octagon, ontoclasm_vaults_pinch,
          nicolae_vaults_sealed_display, v_misc_31, v_misc_23,
          nicolae_vaults_little_squares_2, ontoclasm_vaults_hangar,
          vaults_mumra_hexcomb, nicolae_vaults_windows_and_doors_thing,
          v_alt_pattern_4, vaults_dpeg_doors, layout_vaults_maze_bifur,
          serial_shops, nicolae_lakefront_shop
Vaults:5: serial_shops
Crypt:1:  gammafunk_dig_for_victory, layout_misc_corridors,
          corexii_leaking_fountain
Crypt:2:  layout_basic, basic_altar, roderic_lattice_octagonal_star,
          grunt_megastairs_5, uniq_margery, uniq_jory
Crypt:3:  cryptofortress_bobbens
Tomb:1
Depths:1: layout_gridlike, nicolae_integral_box, hell_entry,
          rand_demon_pan_entry_3, nicolae_twisting_strands,
          nemelex_diamond_rough_becter, uniq_asterion, uniq_saint_roka
Depths:2: minmay_the_grid_octo_tiled_octocenter [minmay_the_grid_octo_clover,
          minmay_the_grid_octo_clover_2, minmay_the_grid_octo_empty,
          minmay_the_grid_octo_horde,
          minmay_the_grid_octo_prize_square_snowflake,
          minmay_the_grid_square_5x5_misaligned,
          minmay_the_grid_square_5x5_fat_x, minmay_the_grid_square_5x5_dogpile,
          minmay_the_grid_square_5x5_checkered_sparse], layout_gridlike,
          enter_ziggurat_b, kennysheep_nondescript, rand_demon_pan_entry_4,
          hell_entry, gammafunk_ghost_necromancy, uniq_bai_suzhen
Depths:3: hangedman_spin_cycle, hell_entry, serial_shops, abyss_entry,
          pan_entry, uniq_mennas
Depths:4: evilmike_zot_entry_gauntlet, layout_honeycomb,
          minmay_misc_feat_pillars, grunt_hell_entry_dis_grunt,
          nicolae_wooded_promenade, serial_bayou_shore_b, uniq_parghit
Hell
Geh:1:    layout_gehenna_lava_caves
Geh:2:    layout_gehenna_lava_caves, nicolae_geh_single_fiery_grave
Geh:3:    layout_gehenna_pools_box
Geh:4:    layout_gehenna_pools_basic, lemuel_flamethrower_3
Geh:5:    layout_gehenna_pools_triple, nicolae_hells_hurtin_island
Geh:6:    layout_gehenna_lava_caves
Geh:7:    geh_old
Coc:1:    layout_cocytus_water_paths
Tar:1:    layout_cathedral_of_symmetry, nicolae_tar_cuneiform_city
Tar:2:    layout_catacombs
Tar:3:    layout_cathedral_of_symmetry
Tar:4:    layout_cathedral_of_symmetry
Tar:6:    layout_grid_maze, lemuel_nasty_fountain
Tar:7:    tar_old
Pan:      grunt_pan_zigzag, layout_gridlike, nicolae_pan_sigil_eeng,
          evilmike_mini_pan_branches, layout_onion_city, lemuel_hall_of_pain,
          layout_basic

Skill      XL: |  1  2  3  4  5  6  7  8  9 10 11 12 13 14 15 16 17 18 19 20 21 22 23 24 25 26 27 |
---------------+----------------------------------------------------------------------------------+-----
Fire Magic     | 3 4 5 6 7 8 9 10 | 10.0
Conjurations   | 2 3 4 6 7 8 9 10 11 12 13 | 13.6
Spellcasting   | 3 4 5 6 7 8 9 10 11 12 13 14 15 | 15.7
Fighting       | 1 2 3 5 6 8 9 11 12 13 15 16 17 18 | 18.6
Maces & Flails | 1 |  1.0
Invocations    | 4 5 7 10 13 15 16 19 20 22 23 24 25 27 | 27.0
Evocations     | 2 3 4 5 10 11 14 16 | 16.0
Armour         | 5 6 7 9 10 11 | 11.5
Dodging        | 3 4 5 6 8 10 | 10.0
Translocations | 3 |  3.7
Ice Magic      | 3 4 6 8 |  8.2
Air Magic      | 3 4 6 |  6.0
Axes           | 4 6 7 11 16 | 16.2
Necromancy     | 4 11 14 20 | 20.3
Shields        | 2 3 5 8 12 | 12.6
Earth Magic    | 5 8 9 13 | 13.6
Transmutations | 3 11 12 13 | 13.7
Summonings     | 12 13 | 13.2
Stealth        | |  1.7

Action                   |  1- 3 |  4- 6 |  7- 9 | 10-12 | 13-15 | 16-18 | 19-21 | 22-24 | 25-27 || total
-------------------------+-------+-------+-------+-------+-------+-------+-------+-------+-------++-------
Melee: Mace              |    32 |     9 |       |       |       |       |       |       |       ||    41
       Flail             |       |    11 |    45 |    18 |    46 |       |       |       |       ||   120
       Touch             |       |     1 |     7 |     4 |    35 |       |       |       |       ||    47
       Broad axe         |       |       |       |       |   424 |   615 |  1023 |  1158 |  1796 ||  5016
       Punch             |       |       |       |       |     3 |       |       |       |       ||     3
 Cast: Foxfire           |    38 |    56 |   128 |    53 |    95 |   105 |     3 |       |       ||   478
       Scorch            |       |    12 |   102 |   123 |   223 |   141 |     1 |     1 |       ||   603
       Flame Wave        |       |       |     6 |    14 |    32 |    15 |       |       |       ||    67
       Freezing Cloud    |       |       |       |       |    35 |    58 |    58 |    83 |    45 ||   279
       Fireball          |       |       |       |       |    18 |    95 |     9 |    32 |    27 ||   181
       Borgnjor's Vile C |       |       |       |       |       |    27 |    53 |    31 |    87 ||   198
       Iron Shot         |       |       |       |       |       |    33 |   170 |   189 |   186 ||   578
       Statue Form       |       |       |       |       |       |       |     2 |     6 |    78 ||    86
       Irradiate         |       |       |       |       |       |       |       |    30 |    34 ||    64
       Spellforged Servi |       |       |       |       |       |       |       |       |    49 ||    49
       Apportation       |       |       |       |       |       |       |       |       |     1 ||     1
       Necromutation     |       |       |       |       |       |       |       |       |     1 ||     1
Invok: Slouch            |       |       |       |     2 |     6 |     5 |     4 |     7 |       ||    24
       Step From Time    |       |       |       |       |     2 |     2 |       |     1 |       ||     5
 Abil: Evoke Blink       |       |       |       |       |       |       |       |     2 |       ||     2
Evoke: Wand              |       |       |     4 |     3 |     5 |     4 |    27 |    11 |    22 ||    76
  Use: Scroll            |       |     9 |    16 |     7 |    18 |    10 |    11 |     8 |    15 ||    94
       Potion            |       |     2 |     5 |     7 |     5 |     8 |     9 |     9 |    15 ||    60
 Stab: Sleeping          |       |     2 |     2 |       |    12 |     6 |     5 |     6 |     7 ||    40
       Paralysed         |       |       |     6 |       |    11 |     2 |    13 |       |     3 ||    35
       Invisible         |       |       |       |     1 |       |       |     1 |       |       ||     2
       Distracted        |       |       |       |       |     4 |     6 |    12 |    10 |    34 ||    66
       Confused          |       |       |       |       |       |       |     1 |       |       ||     1
Armor: Robe              |     8 |    15 |    69 |       |       |       |       |       |       ||    92
       Swamp dragon scal |       |       |    25 |    86 |    15 |    85 |       |       |       ||   211
       Steam dragon scal |       |       |    13 |       |       |       |       |       |       ||    13
       Troll leather arm |       |       |       |       |   471 |   377 |   400 |   229 |    34 ||  1511
       Skin              |       |       |       |       |       |       |    13 |   130 |   453 ||   596
       Quicksilver drago |       |       |       |       |       |       |       |    79 |   191 ||   270
Dodge: Dodged            |    20 |    37 |   157 |   124 |   659 |   621 |  1031 |  1174 |  1871 ||  5694
Block: Buckler           |       |       |       |       |   211 |   500 |   695 |       |       ||  1406
       Reflection        |       |       |       |       |       |       |    41 |    31 |    27 ||    99
       Kite shield       |       |       |       |       |       |       |   157 |  1682 |  2702 ||  4541

Table legend: (Time is in decaauts)
 A = Elapsed time spent in this place.
 B = Non-inter-level travel time spent in this place.
 C = Inter-level travel time spent in this place.
 D = Time resting spent in this place.
 E = Time spent auto-exploring this place.
 F = Levels seen in this place.
 G = Mean time per level.
                   A        B        C        D        E       F      G
               +--------+--------+--------+--------+--------+-----+--------+
         Total | 134300 | 123280 |  11020 |  28492 |  64633 |  78 | 1721.8 |
       Dungeon |  25609 |  22289 |   3320 |   4683 |  14651 |  15 | 1707.3 |
          Lair |  11829 |  10020 |   1809 |    850 |   7473 |   5 | 2365.8 |
         Swamp |   6307 |   6097 |    210 |   1749 |   3178 |   4 | 1576.8 |
   Spider Nest |   7334 |   7028 |    306 |   1168 |   4274 |   4 | 1833.5 |
    Slime Pits |   6733 |   6507 |    226 |   2416 |   2551 |   5 | 1346.6 |
  Orcish Mines |   2772 |   2365 |    407 |    316 |   1349 |   2 | 1386.0 |
   Elven Halls |   9972 |   9502 |    470 |   3097 |   4171 |   3 | 3324.0 |
        Vaults |  17020 |  14733 |   2287 |   3649 |   7722 |   5 | 3404.0 |
         Crypt |   5896 |   5485 |    411 |    463 |   3529 |   3 | 1965.3 |
          Tomb |    696 |    696 |      0 |     92 |    112 |   1 |  696.0 |
        Depths |  12126 |  11651 |    475 |   3831 |   5610 |   4 | 3031.5 |
          Hell |   1397 |   1132 |    265 |      2 |    507 |   1 | 1397.0 |
       Gehenna |   7679 |   7224 |    455 |   1539 |   2984 |   7 | 1097.0 |
       Cocytus |      1 |      1 |      0 |      0 |      0 |   1 |    1.0 |
      Tartarus |   5569 |   5197 |    372 |   1160 |   1813 |   6 |  928.2 |
         Abyss |   1485 |   1485 |      0 |    374 |    532 |   4 |  371.2 |
   Pandemonium |   6077 |   6077 |      0 |   1221 |   2239 |   3 | 2025.7 |
         Sewer |    711 |    711 |      0 |    204 |    344 |   1 |  711.0 |
       Ossuary |    767 |    767 |      0 |    326 |    221 |   1 |  767.0 |
        Bailey |   1139 |   1139 |      0 |    577 |    203 |   1 | 1139.0 |
      Ice Cave |   1622 |   1622 |      0 |    373 |    580 |   1 | 1622.0 |
        Wizlab |   1548 |   1548 |      0 |    397 |    586 |   1 | 1548.0 |
               +--------+--------+--------+--------+--------+-----+--------+

Top non-repeatable levels by time:
   Elf:2: 4217 daAuts
Depths:2: 3660 daAuts
Depths:1: 3593 daAuts
Vaults:4: 3547 daAuts
Vaults:1: 3484 daAuts
Vaults:5: 3462 daAuts
Vaults:3: 3337 daAuts
   Geh:7: 3305 daAuts
Vaults:2: 3189 daAuts
   Tar:7: 3176 daAuts
Depths:4: 2970 daAuts
   Elf:1: 2949 daAuts
    D:15: 2948 daAuts
  Lair:2: 2915 daAuts
    D:13: 2902 daAuts
